AoeStats
← LILtrashbucket

Arabia

510374150Analyzed
1v1 RM · 14h ago on Sep 30, 2026· 34m 2s· 2 players
Game mode
Random Map
Map size
Tiny (2 player)
Population
200
Speed
Normal
Resources
Standard
Victory
Conquest
Starting age
Dark Age
Ending age
Imperial Age
RankedLock teamsTeams togetherTeam positionsShared explorationLock speedFull tech treeHidden civsTurbo modeCheats
Victory
Defeat
🇺🇸 Lithuanians · United States
1300
+16
🇧🇷 Wei · Brazil
1291
-16
vatreides1
5:03 Loom
8:49 Feudal Age
9:20 Double-Bit Axe
9:29 Horse Collar
16:31 Gold Mining
17:01 Stone Mining
23:17 Castle Age
22:02 Scale Barding Armor
22:42 Forging
23:15 Bloodlines
25:06 Chain Barding Armor
25:54 Fletching
26:41 Bow Saw
26:40 Heavy Plow
28:43 Gold Shaft Mining
30:26 Husbandry
LILtrashbucket
9:24 Feudal Age
11:00 Loom
11:54 Double-Bit Axe
12:26 Fletching
12:49 Forging
17:07 Wheelbarrow
16:39 Horse Collar
20:50 Castle Age
20:11 Scale Barding Armor
20:31 Gold Mining
21:40 Husbandry
22:10 Bloodlines
23:52 Iron Casting
24:41 Chain Barding Armor
26:44 Bow Saw
Connection lost

Rejoining the realm…

Still unreachable

The connection could not be restored.

Session expired

The server has moved on; the page needs a fresh start.